 Dungeon Crawl Stone Soup version 0.22.1-6-g1668fe2 (webtiles) character file.

54798 Kairos the Basher (level 14, -6/75 HPs)
             Began as a Vine Stalker Fighter on Jan 16, 2019.
             Was the Champion of Okawaru.
             Mangled by an alligator (7 damage)
             ... led by an alligator
             ... on level 1 of the Swamp on Jan 17, 2019.
             The game lasted 00:47:38 (15090 turns).

Kairos the Basher (Vine Stalker Fighter)           Turns: 15090, Time: 00:47:39

Health: -6/75      AC: 14    Str: 27    XL:     14   Next: 74%
Magic:  0/16       EV: 21    Int: 14    God:    Okawaru [******]
Gold:   1020       SH: 18    Dex: 13    Spells: 13/13 levels left

rFire    . . .     SeeInvis +   s - +1 mace of Blind Justice {drain, MR+ Str+2 Int+6 SInv}
rCold    . . .     Gourm    .   c - +0 shield
rNeg     . . .     Faith    .   u - quicksilver dragon scales
rPois    +         Spirit   +   L - +0 hat of the Apprentice {rPois Regen+ Slay+4}
rElec    .         Reflect  +   H - scarf {cloud immunity}
rCorr    .         Harm     .   (no gloves)
MR       +++..                  (no boots)
Stlth    +++.......             F - +3 amulet of reflection
HPRegen  1.42/turn              o - ring of poison resistance
MPRegen  0.15/turn              z - +2 ring of evasion

@: lethally poisoned (-6 -> -6), about to teleport, heroism, very slightly
contaminated, slowed, very slow
A: fangs 3, regeneration 2, magic shield, antimagic bite, no potion heal 3, rot
immunity
a: Heroism, Finesse, Renounce Religion


You were on level 1 of the Swamp.
You worshipped Okawaru.
Okawaru was exalted by your worship.
You were not hungry.

You visited 4 branches of the dungeon, and saw 18 of its levels.

You collected 1020 gold pieces.

Inventory:

Hand Weapons
 s - the +1 mace of Blind Justice (weapon) {drain, MR+ Str+2 Int+6 SInv}
   (You found it on level 4 of the Dungeon)

   A truly terrible weapon, it drains the life of those it strikes.
   It affects your strength (+2).
   It affects your intelligence (+6).
   It affects your resistance to hostile enchantments.
   It lets you see invisible.
 E - a +1 eveningstar of holy wrath
 G - a +0 hand axe of flaming
Armour
 c - a +0 shield (worn)
 u - quicksilver dragon scales (worn)
 H - a scarf of cloud immunity (worn)
 L - the +0 hat of the Apprentice (worn) {rPois Regen+ Slay+4}
   (Okawaru gifted it to you on level 2 of the Lair of Beasts)

   It affects your accuracy and damage with ranged weapons and melee attacks
   (+4).
   It protects you from poison.
   It increases your rate of regeneration.
Jewellery
 o - a ring of poison resistance (left hand)
 y - an uncursed ring of see invisible
 z - a +2 ring of evasion (right hand)
 F - a +3 amulet of reflection (around neck)
 P - the ring of the Mage {Wiz MR++ Int+3}
   (You found it on level 6 of the Lair of Beasts)

   [ring of wizardry]

   It improves your spell success rate.
   It affects your intelligence (+3).
   It affects your resistance to hostile enchantments.
Wands
 x - a wand of acid (9)
 I - a wand of paralysis (18)
 Q - a wand of scattershot (3)
Scrolls
 a - a scroll of fear
 b - a scroll of blinking
 j - 11 scrolls of teleportation
 l - a scroll of identify
 n - 3 scrolls of fog
 p - 5 scrolls of remove curse
 q - 2 scrolls of enchant armour
 r - 9 scrolls of amnesia
 B - 3 scrolls of magic mapping
 C - 2 scrolls of brand weapon
 J - a scroll of immolation
 K - a scroll of silence
 N - 2 scrolls of holy word
Potions
 d - 3 potions of might
 e - 6 potions of curing
 h - 2 potions of mutation
 i - a potion of cancellation
 k - 3 potions of haste
 m - 4 potions of brilliance
 t - 3 potions of ambrosia
 v - 2 potions of lignification
 w - 3 potions of magic
 A - 4 potions of agility
 M - 2 potions of berserk rage
Comestibles
 f - 37 rations
 g - 3 chunks of flesh


   Skills:
 + Level 9.0(14.0) Fighting
 + Level 4.6(14.7) Axes
 + Level 12.8(18.1) Maces & Flails
 + Level 7.3(12.3) Armour
 + Level 8.0(13.0) Dodging
 + Level 4.1(9.1) Stealth
 + Level 12.2(17.2) Shields
 + Level 2.1 Invocations


You had 13 spell levels left.
You didn't know any spells.
Your spell library contained the following spells:

 Spells                   Type           Power        Failure   Level  Hunger
 Confusing Touch          Hex            #.....       36%         1    ##.....
 Magic Dart               Conj           #...         36%         1    ##.....
 Sandblast                Erth           #.....       36%         1    ##.....
 Passwall                 Tmut/Erth      #.......     50%         2    ###....
 Searing Ray              Conj           #.....       50%         2    ###....
 Confuse                  Hex            #.......     75%         3    ####...
 Dazzling Spray           Conj/Hex       #.....       75%         3    ####...
 Gell's Gravitas          Tloc           #.........   75%         3    ####...
 Stone Arrow              Conj/Erth      #.....       75%         3    ####...
 Force Lance              Conj/Tloc      #.......     98%         4    #####..
 Fulminant Prism          Conj/Hex       #.........   98%         4    #####..
 Iskenderun's Mystic Bla  Conj           #.......     98%         4    #####..
 Petrify                  Tmut/Erth      #.......     98%         4    #####..
 Lee's Rapid Deconstruct  Erth           #.........   100%        5    ######.
 Metabolic Englaciation   Hex/Ice        #.........   100%        5    ######.
 Yara's Violent Unravell  Hex/Tmut       #.........   100%        5    ######.


Dungeon Overview and Level Annotations

Branches:
Dungeon (10/15)            Temple (1/1) D:7            Lair (6/6) D:10
  Swamp (1/4) Lair:4        Snake (0/4) Lair:2        Slime (0/5) Lair:6
    Orc (0/2) D:10

Altars:
Ashenzari
Dithmenos
Elyvilon
Fedhas
Gozag
Hepliaklqana
Kikubaaqudgha
Makhleb
Okawaru
Qazlal
Ru
Sif Muna
Trog
Uskayaw
Vehumet
Yredelemnul
Zin
The Shining One

Annotations:
D:6 1 runed door


Innate Abilities, Weirdness & Mutations

You have razor-sharp teeth.
You heal very quickly.
When hurt, damage is shared between your health and your magic reserves.
Your bite disrupts and absorbs the magic of your enemies.
Potions cannot restore your health.
You are immune to rotting.


Message History

The hornet misses you. The hornet completely misses you.
The alligator misses you. You block the alligator's attack.
You hit the hornet. You drain the hornet! You bite the hornet.
You drain its power.
You feel invigorated.
The hornet is severely wounded.
You feel sick. You block the hornet's attack. The alligator bites you!
* * * LOW HITPOINT WARNING * * *
The alligator barely misses you. You block the hornet's attack.
Unknown command.
Okay, then.
Blink to where?
Press: ? - help, Dir - move target cursor You are very lightly contaminated with residual magic.
As you read the scroll of blinking, it crumbles to dust.
As you read the scroll of teleportation, it crumbles to dust.
You feel strangely unstable.
You feel sick. The alligator bites you!!
* * * LOW HITPOINT WARNING * * *
You block the alligator's attack. The alligator bites you!
You die...

♣♣♣≈≈≈..(.)......
...♣..≈♣♣)..#....
≈≈....†♣.....# .#
≈§....†....###.....#
...≈..≈≈........#...
...≈≈..§≈≈.......?..
≈≈.≈≈≈.≈≈...♣♣....##.
≈≈≈≈≈≈≈yt♣♣♣≈..)....
...≈≈≈≈.@..≈♣≈....#.
≈..≈≈≈≈§.≈.♣♣......#
...≈≈≈≈≈.......#. ..
≈≈.......###..##....
≈≈≈≈.≈♣......(.#....
≈≈≈≈≈.♣♣.###........
≈≈≈≈≈≈ ♣♣..........≈
..≈≈.. ♣♣♣.≈.≈..≈.♣
♣..≈≈≈..≈♣♣♣♣


You could see an alligator and a hornet.

Vanquished Creatures
  4 dire elephants (Lair:6)
  8 hydras
  Erica (D:8)
  An anaconda (Lair:6)
  3 two-headed ogres
  An alligator (Swamp:1)
  4 death yaks (Lair:6)
  An unseen horror (D:10)
  The ghost of Rwicked the Geomancer, a novice GrEE (D:6)
  An ugly thing (D:9)
  3 slime creatures
  17 elephants (Lair:6)
  4 black mambas
  4 torpor snails
  2 gargoyles (D:10)
  10 spiny frogs
  2 rime drakes
  8 komodo dragons
  4 dream sheep
  A hornet (D:8)
  2 bog bodies (Swamp:1)
  10 hippogriffs
  4 blink frogs (Lair:6)
  39 yaks
  A spriggan (Swamp:1)
  3 basilisks
  2 vampire mosquitoes (Lair:4)
  3 nagas (Lair:2)
  12 water moccasins
  5 swamp worms (Swamp:1)
  11 porcupines
  A swamp drake (Swamp:1)
  2 ice beasts
  A sky beast (D:8)
  3 orc warriors
  A black bear (D:5)
  A necrophage (D:5)
  5 centaurs
  5 ogres
  12 wolves
  5 crocodiles
  8 big kobolds
  15 bullfrogs
  5 scorpions
  53 killer bees
  4 wights (D:7)
  6 howler monkeys
  7 crimson imps
  A bullfrog zombie (D:6)
  3 jellies
  4 hounds
  9 orc priests
  2 bullfrog skeletons
  4 iguanas
  12 worker ants
  16 orc wizards
  2 hound zombies (D:8)
  11 adders
  6 gnolls
  A howler monkey skeleton (D:8)
  A river rat (D:6)
  5 shadow imps
  8 oozes
  2 adder zombies
  An adder skeleton (D:5)
  4 worms
  3 dart slugs
  6 leopard geckos
  42 orcs
  3 bats
  4 giant cockroaches
  7 goblins
  8 hobgoblins
  12 jackals
  3 quokkas
  A ball python (D:1)
  A frilled lizard (D:5)
  29 kobolds
  A leopard gecko skeleton (D:7)
  A quokka skeleton (D:3)
  10 rats
  A butterfly (Lair:4)
  A fungus (Lair:6)
  4 plants (Lair:6)
535 creatures vanquished.

Vanquished Creatures (collateral kills)
  A gargoyle (D:10)
1 creature vanquished.

Vanquished Creatures (others)
  4 bushes (Lair:6)
  56 fungi
  22 plants
  4 toadstools (D:5)
86 creatures vanquished.

Grand Total: 622 creatures vanquished

Notes
Turn   | Place    | Note
-------+----------+-------------------------------------------
     0 | D:1      | Kairos the Vine Stalker Fighter began the quest for the
                  | Orb.
     0 | D:1      | Reached XP level 1. HP: 11/11 MP: 2/2
    93 | D:1      | Reached XP level 2. HP: 13/16 MP: 3/3
   541 | D:1      | Reached XP level 3. HP: 19/19 MP: 4/4
   997 | D:2      | Found a hide-covered altar of Uskayaw.
  1594 | D:2      | Found a basalt altar of Yredelemnul.
  1603 | D:2      | Gained mutation: Your natural rate of healing is unusually
                  | fast. [Vine Stalker growth]
  1603 | D:2      | Reached XP level 4. HP: 21/23 MP: 5/5
  2137 | D:3      | Reached XP level 5. HP: 24/28 MP: 6/6
  2288 | D:3      | Reached XP level 6. HP: 28/32 MP: 7/7
  2593 | D:4      | Got a dazzling mace
  2594 | D:4      | Identified the +1 mace of Blind Justice {drain, MR+ Str+2
                  | Int+6 SInv} (You found it on level 4 of the Dungeon)
  2701 | D:4      | Reached skill level 1 in Dodging
  2972 | D:4      | Reached XP level 7. HP: 35/36 MP: 8/8
  2989 | D:4      | Reached skill level 1 in Maces & Flails
  3145 | D:4      | Found a bloodstained altar of Trog.
  3453 | D:5      | Entered Level 5 of the Dungeon
  3657 | D:5      | Gained mutation: You have razor-sharp teeth. [Vine Stalker
                  | growth]
  3657 | D:5      | Reached XP level 8. HP: 33/42 MP: 9/9
  3695 | D:5      | Found a blossoming altar of Fedhas.
  3949 | D:5      | Reached skill level 5 in Shields
  3961 | D:5      | Noticed a slime creature
  3964 | D:5      | Noticed a slime creature
  3980 | D:5      | Killed a large slime creature
  3980 | D:5      | Reached XP level 9. HP: 24/46 MP: 7/10
  4363 | D:5      | Found a sacrificial altar of Ru.
  4542 | D:6      | Found a runed door.
  4553 | D:6      | Noticed Rwicked's ghost (novice GrEE)
  4582 | D:6      | Reached skill level 5 in Maces & Flails
  4611 | D:6      | Found a runed door.
  4693 | D:6      | Killed Rwicked's ghost
  4913 | D:6      | Found a stormy altar of Qazlal.
  5640 | D:7      | Found a staircase to the Ecumenical Temple.
  5675 | Temple   | Entered the Ecumenical Temple
  5719 | Temple   | Became a worshipper of Warmaster Okawaru
  5771 | D:7      | Reached skill level 1 in Stealth
  5815 | D:7      | Reached skill level 5 in Fighting
  5815 | D:7      | Reached skill level 5 in Armour
  5960 | D:7      | Reached XP level 10. HP: 51/51 MP: 11/11
  6087 | D:7      | Reached * piety under Okawaru
  6270 | D:8      | Noticed a two-headed ogre
  6280 | D:8      | Killed a two-headed ogre
  6319 | D:8      | Noticed Erica
  6342 | D:8      | Killed Erica
  6342 | D:8      | Reached ** piety under Okawaru
  6711 | D:8      | Reached XP level 11. HP: 55/56 MP: 12/12
  6792 | D:8      | Noticed a three-headed hydra
  6805 | D:8      | Killed a three-headed hydra
  6805 | D:8      | Reached *** piety under Okawaru
  6859 | D:8      | Paralysed by a hornet for 3 turns
  7123 | D:9      | Noticed a two-headed ogre
  7133 | D:9      | Killed a two-headed ogre
  7212 | D:9      | Found a shattered altar of Ashenzari.
  7309 | D:9      | Reached skill level 5 in Dodging
  7645 | D:9      | Noticed a purple ugly thing
  7658 | D:9      | Killed a purple ugly thing
  7658 | D:9      | Reached **** piety under Okawaru
  8007 | D:10     | Entered Level 10 of the Dungeon
  8206 | D:10     | Noticed an unseen horror
  8278 | D:10     | Reached ***** piety under Okawaru
  8281 | D:10     | Found a staircase to the Lair.
  8290 | D:10     | Killed an unseen horror
  8321 | D:10     | Found a staircase to the Orcish Mines.
  8596 | D:10     | Found a white marble altar of Elyvilon.
  8613 | D:10     | Noticed a two-headed ogre
  8622 | D:10     | Killed a two-headed ogre
  8622 | D:10     | Gained mutation: You heal very quickly. [Vine Stalker
                  | growth]
  8622 | D:10     | Reached XP level 12. HP: 42/62 MP: 13/13
  9000 | Lair:1   | Entered Level 1 of the Lair of Beasts
  9157 | Lair:1   | Received a gift from Okawaru
  9216 | Lair:1   | Reached skill level 10 in Maces & Flails
  9564 | Lair:2   | Found a staircase to the Snake Pit.
  9755 | Lair:2   | Received a gift from Okawaru
 10258 | Lair:2   | Received a gift from Okawaru
 10261 | Lair:2   | Got a pitted hat {god gift}
 10267 | Lair:2   | Identified the +0 hat of the Apprentice {rPois Regen+
                  | Slay+4} (Okawaru gifted it to you on level 2 of the Lair of
                  | Beasts)
 10404 | Lair:3   | Noticed a six-headed hydra
 10411 | Lair:3   | Killed a six-headed hydra
 10455 | Lair:3   | Reached skill level 10 in Shields
 10699 | Lair:3   | Found a runed door.
 10961 | Lair:3   | Noticed a seven-headed hydra
 10972 | Lair:3   | Killed a seven-headed hydra
 11176 | Lair:4   | Found a staircase to the Swamp.
 11231 | Lair:4   | Reached XP level 13. HP: 49/67 MP: 12/14
 12316 | Lair:5   | Received a gift from Okawaru
 12316 | Lair:5   | Reached skill level 1 in Invocations
 12340 | Lair:5   | Reached ****** piety under Okawaru
 12854 | Lair:6   | Entered Level 6 of the Lair of Beasts
 12969 | Lair:6   | Received a gift from Okawaru
 13263 | Lair:6   | Received a gift from Okawaru
 13263 | Lair:6   | Reached XP level 14. HP: 69/74 MP: 16/16
 13442 | Lair:6   | Found a staircase to the Slime Pits.
 13744 | Lair:6   | Received a gift from Okawaru
 14384 | Lair:6   | Noticed a dire elephant
 14384 | Lair:6   | Noticed a dire elephant
 14385 | Lair:6   | Found the ring of the Mage {Wiz MR++ Int+3}
 14427 | Lair:6   | Killed a dire elephant
 14432 | Lair:6   | Killed a dire elephant
 14476 | Lair:6   | Noticed a dire elephant
 14489 | Lair:6   | Killed a dire elephant
 14566 | Lair:6   | Noticed a dire elephant
 14579 | Lair:6   | Killed a dire elephant
 14967 | Swamp:1  | Entered Level 1 of the Swamp
 15090 | Swamp:1  | HP: 1/75 [alligator[an alligator] (15)]
 15090 | Swamp:1  | Mangled by an alligator

Skill      XL: |  1  2  3  4  5  6  7  8  9 10 11 12 13 14 |
---------------+-------------------------------------------+-----
Axes           | 2 3 4 |  4.6
Shields        | 3 4 5 6 7 9 10 11 12 | 12.2
Fighting       | 3 4 5 6 7 8 9 |  9.0
Armour         | 3 4 5 6 7 |  7.3
Dodging        | 1 2 3 4 5 6 7 8 |  8.0
Maces & Flails | 2 4 6 8 9 10 12 | 12.8
Stealth        | 1 2 3 4 |  4.1
Invocations    | 1 2 |  2.1

Action                   |  1- 3 |  4- 6 |  7- 9 | 10-12 | 13-15 || total
-------------------------+-------+-------+-------+-------+-------++-------
Melee: War axe           |   105 |    95 |       |       |       ||   200
       Bite              |    28 |    31 |   101 |   295 |   345 ||   800
       Mace              |       |    46 |   301 |   777 |   726 ||  1850
Invok: Heroism           |       |       |       |    12 |    16 ||    28
Evoke: Wand              |       |       |       |       |     1 ||     1
  Use: Scroll            |       |     1 |     4 |    19 |     9 ||    33
       Potion            |       |       |     1 |       |       ||     1
 Stab: Sleeping          |       |       |     1 |     4 |       ||     5
       Distracted        |       |       |       |       |     1 ||     1
  Eat: Chunk             |     1 |     6 |     3 |    17 |    11 ||    38
       Ration            |       |       |     2 |       |     1 ||     3
Armor: Scale mail        |    51 |    48 |       |       |       ||    99
       Quicksilver drago |       |    22 |   102 |   153 |   131 ||   408
Dodge: Dodged            |    27 |    44 |    98 |   344 |   393 ||   906
Block: Shield            |    56 |    99 |   180 |   418 |   512 ||  1265
       Reflection        |       |       |       |       |     4 ||     4
